 Dungeon Crawl Stone Soup version 0.14.2-1-g46dc7f8a84 (webtiles) character file.

86146 Rumpsy the Impaler (level 15, -4/147 HPs)
             Began as a Minotaur Berserker on May 28, 2020.
             Was a Priest of Trog.
             Slain by a trapdoor spider (10 damage)
             ... on Level 4 of the Spider Nest on June 10, 2020.
             The game lasted 06:16:00 (34444 turns).

Rumpsy the Impaler (Minotaur Berserker)            Turns: 34444, Time: 06:16:00

HP  -4/147       AC 26     Str 25 (27) XL: 15   Next: 34%
MP   6/6         EV  8     Int  4      God: Trog [***...]
Gold 1808        SH 25     Dex 11      Spells:  0 memorised, 14 levels left

rFire  + . .     SeeInvis +     b - +7,+6 trident (protect)
rCold  + . .     Clarity  .     y - +0 plate armour
rNeg   . . .     Conserve +     p - +0 shield
rPois  +         rCorr    +     (helmet restricted)
rElec  +         rRot     .     P - +2 cloak {rCorr, Cons}
SustAb . .       Spirit   .     d - +2 pair of gloves
rMut   .         Warding  .     (no boots)
Saprov . . .     Stasis   .     R - amulet of resist corrosion
MR     +....                    m - ring of poison resistance
                                l - ring of see invisible

@: somewhat resistant to hostile enchantments, extremely unstealthy
A: retaliatory headbutt, horns 2, breathe flames 1
a: Burn Spellbooks, Berserk, Trog's Hand, Renounce Religion, Breathe Fire


You were on level 4 of the Spider Nest.
You worshipped Trog.
Trog was most pleased with you.
You were not hungry.

You visited 5 branches of the dungeon, and saw 25 of its levels.
You also visited: Ossuary.

You collected 1808 gold pieces.

Inventory:

Hand weapons
 b - a +7,+6 trident of protection (weapon)
 M - a +0,+0 spear
Armour
 d - a +2 pair of gloves (worn)
 p - a +0 shield (worn)
 w - a +1 cloak
 y - a +0 plate armour (worn)
 P - a +2 cloak of preservation (worn)
Magical devices
 a - a wand of lightning (3)
 j - a wand of disintegration (10)
 o - a wand of frost (16)
 E - a wand of flame (9)
 H - a wand of fire (9)
 L - a wand of disintegration (10)
 N - a wand of fire (4)
 Y - a wand of invisibility (7)
Comestibles
 c - 2 bread rations
Scrolls
 g - a scroll of teleportation
 i - a scroll of enchant weapon I
 k - a scroll of silence
 q - a scroll of enchant armour
 r - a scroll of immolation
 x - 2 scrolls of fear
 A - a scroll of blinking {unknown}
 C - 4 scrolls of fog
 F - 9 scrolls of remove curse
 G - 2 scrolls of recharging
 V - a scroll of summoning
 Z - 9 scrolls of identify
Jewellery
 l - a ring of see invisible (left hand)
 m - a ring of poison resistance (right hand)
 t - an uncursed ring of protection from magic
 u - an uncursed ring of protection from fire
 v - an uncursed ring of ice
 I - an uncursed ring of invisibility
 J - an uncursed amulet of clarity
 R - an amulet of resist corrosion (around neck)
Potions
 e - 3 potions of might
 f - a potion of porridge
 h - 14 potions of curing
 n - 2 potions of brilliance
 s - 4 potions of invisibility
 z - 2 potions of agility
 B - a potion of resistance
 K - a potion of flight {unknown}
 W - a potion of restore abilities
Miscellaneous
 O - a lamp of fire (inert)
 X - a sack of spiders


   Skills:
 + Level 17.1 Fighting
   Level 4.0 Long Blades
 + Level 17.7 Polearms
 - Level 10.2 Armour
 * Level 13.6 Dodging
 - Level 10.0 Shields


You had 14 spell levels left.
You didn't know any spells.

Dungeon Overview and Level Annotations

Branches:
Dungeon (11/15)            Temple (0/1) D:6             Orc (2/4) D:10
   Lair (6/8) D:11         Shoals (1/5) Lair:6       Spider (5/5) Lair:5
  Slime (0/6) Lair:6

Altars:
Cheibriados
Nemelex Xobeh
The Shining One
Beogh

Shops:
D:4 [


Innate Abilities, Weirdness & Mutations

You reflexively headbutt those who attack you in melee.
You have a pair of horns on your head.
You can breathe flames.


Message History

The redback bites you but does no damage. x2
You block the redback's attack. The redback bites you.
* * * LOW HITPOINT WARNING * * *
You are lethally poisoned!
The redback poisons you! You partially resist.
Drink which item? (? for menu, Esc to quit)
You feel better. You block the redback's attack. The redback bites you.
* * * LOW HITPOINT WARNING * * *
You block the redback's attack. The redback bites you.
* * * LOW HITPOINT WARNING * * *
Drink which item? (? for menu, Esc to quit)
You feel protected.
Your surroundings suddenly seem different.
A trapdoor spider leaps out from its hiding place under the floor!
The trapdoor spider hisses angrily.
A wolf spider comes into view.
The wolf spider hisses angrily.
The trapdoor spider barely misses you. You block the wolf spider's attack.
You block the wolf spider's attack. The trapdoor spider bites you!
You die...

#.......#.#.^.........^...#
....................###.####
......................####.##
......................####..###
.....................##.^#....#
......^......>......##......^##
.........^......#####.......##
..........=....ss#...........###
.^..............@#.............#
...............^.........#..#.##
....^^...................######
.........................#
(.......................##
......................###
.^..........^..........##
.......[................#
..........^............##


You could see a wolf spider and a trapdoor spider.

Vanquished Creatures
  An emperor scorpion (Spider:4)
  Gastronok (D:10)
  6 ghost moths
  Snorg (Lair:6)
  4 hydras
  The ghost of Hugehornet the Covert, an experienced VSAr of Nemelex Xobeh (D:9)
  An unseen horror (D:11)
  9 orb spiders
  A hill giant (D:11)
  An oklob plant (Lair:5)
  An orc sorcerer (Orc:1)
  25 wolf spiders
  2 moths of wrath
  5 red wasps
  4 black mambas
  6 spiny frogs
  A queen ant (Spider:3)
  A kobold demonologist (D:11)
  2 fire drakes (Lair:3)
  12 demonic crawlers
  4 komodo dragons
  Prince Ribbit (D:6)
  12 jumping spiders
  5 blink frogs
  A basilisk (Lair:5)
  2 wraiths (D:11)
  26 yaks
  16 trapdoor spiders
  2 deep elf magi
  34 redbacks
  9 tarantellas
  A hungry ghost (D:11)
  9 sharks
  4 hippogriffs
  22 soldier ants
  7 porcupines
  A black bear (D:6)
  4 water moccasins
  2 necrophages (D:6)
  3 sky beasts
  13 giant goldfish
  16 spiders
  9 orc warriors
  3 ice beasts
  5 centaurs
  A manticore skeleton (D:9)
  7 ogres
  2 boring beetles
  6 crocodiles
  11 giant slugs
  A gnoll sergeant (D:7)
  Blork the orc (D:6)
  4 elf zombies (Ossuary)
  4 big kobolds
  22 giant frogs
  4 jellies
  A wyvern skeleton (D:10)
  10 scorpions
  4 wights (D:8)
  12 killer bees
  8 electric eels
  A crimson imp (D:7)
  4 centaur zombies (Ossuary)
  9 big fish
  3 quasits
  A giant frog zombie (D:9)
  12 hounds
  15 orc wizards
  4 human zombies (Ossuary)
  5 iguanas
  10 orc priests
  10 worker ants
  Ijyb (D:2)
  An ogre zombie (D:5)
  3 mummies (Ossuary)
  25 adders
  16 gnolls
  2 worker ant zombies
  15 green rats
  2 giant mites
  2 shadow imps
  6 worms
  2 orc skeletons
  2 giant eyeballs (D:5)
  14 giant geckos
  8 oozes
  53 orcs
  A ball python (D:1)
  29 bats
  2 bat skeletons
  7 giant cockroaches
  18 goblins
  18 hobgoblins
  9 jackals
  33 kobolds
  10 quokkas
  6 giant newts
  A goblin zombie (D:5)
  A hobgoblin skeleton (D:4)
  A hobgoblin zombie (D:5)
  A kobold skeleton (D:5)
  A kobold zombie (D:7)
  33 rats
  A plant (D:11)
792 creatures vanquished.

Vanquished Creatures (collateral kills)
  Rupert (Lair:3)
  Roxanne (Spider:3)
  Fannar (Lair:6)
  12 orb spiders
  Joseph (D:9)
  A hill giant (D:6)
  3 wolf spiders
  3 elephants (Lair:5)
  A merfolk (D:11)
  4 blink frogs (Lair:5)
  2 jumping spiders (Spider:2)
  A tarantella (Spider:1)
  3 redbacks
  4 soldier ants (Spider:3)
  An ice beast (Lair:6)
  A giant frog (Lair:5)
  A crimson imp (D:9)
  3 worker ants (Spider:3)
  An adder (Lair:3)
  A plant (Lair:5)
46 creatures vanquished.

Vanquished Creatures (others)
  A wolf spider (Spider:5)
  4 two-headed ogres
  A redback (Spider:5)
  A tarantella (Spider:5)
  A black bear (Spider:5)
  3 ogres
  An orc (Orc:1)
12 creatures vanquished.

Grand Total: 850 creatures vanquished

Notes
Turn   | Place    | Note
--------------------------------------------------------------
     0 | D:1      | Rumpsy, the Minotaur Berserker, began the quest for the Orb.
     0 | D:1      | Reached XP level 1. HP: 19/19 MP: 1/1
    91 | D:1      | Reached skill level 4 in Fighting
   319 | D:1      | Reached XP level 2. HP: 27/27 MP: 1/1
  1151 | D:1      | Reached XP level 3. HP: 22/33 MP: 2/2
  1272 | D:2      | Acquired Trog's second power
  1317 | D:2      | Reached XP level 4. HP: 8/41 MP: 0/2
  1721 | D:2      | Noticed Ijyb
  1736 | D:2      | Killed Ijyb
  1999 | D:2      | Reached XP level 5. HP: 38/47 MP: 0/2
  2977 | D:4      | Reached skill level 5 in Fighting
  2977 | D:4      | Reached skill level 5 in Polearms
  2997 | D:4      | Found a sparkling altar of Nemelex Xobeh.
  3070 | D:4      | Found a sand-covered staircase.
  3078 | Ossuary  | Entered an ossuary
  3200 | Ossuary  | Reached XP level 6. HP: 50/56 MP: 3/3
  3342 | Ossuary  | Reached skill level 5 in Armour
  3342 | Ossuary  | Reached XP level 7. HP: 56/62 MP: 3/3
  3440 | Ossuary  | Reached skill level 6 in Fighting
  3506 | Ossuary  | Reached skill level 5 in Dodging
  3708 | D:4      | Found Entaahak's Armour Shop.
  4006 | D:4      | Noticed an ice beast
  4020 | D:4      | Killed an ice beast
  4020 | D:4      | Reached skill level 7 in Fighting
  4044 | D:4      | Noticed an ogre
  4054 | D:4      | Killed an ogre
  4054 | D:4      | Reached XP level 8. HP: 44/73 MP: 3/3
  4543 | D:5      | Entered Level 5 of the Dungeon
  4697 | D:5      | Acquired Trog's third power
  4697 | D:5      | Reached skill level 8 in Fighting
  4741 | D:5      | Found a snail-covered altar of Cheibriados.
  4748 | D:5      | Found a glowing golden altar of the Shining One.
  5082 | D:5      | Paralysed by a giant eyeball for 2 turns
  5748 | D:6      | Noticed Blork the orc
  5766 | D:6      | Killed Blork the orc
  5766 | D:6      | Reached skill level 9 in Fighting
  6071 | D:6      | Reached skill level 1 in Long Blades
  6410 | D:6      | Noticed a hill giant
  6415 | D:6      | Killed a hill giant
  6415 | D:6      | Reached XP level 9. HP: 83/85 MP: 4/4
  6506 | D:6      | Found a staircase to the Ecumenical Temple.
  6520 | D:6      | Reached skill level 10 in Fighting
  6843 | D:6      | Noticed Prince Ribbit
  6854 | D:6      | Killed Prince Ribbit
  8142 | D:8      | Reached skill level 11 in Fighting
  8766 | D:9      | Noticed Hugehornet's ghost (experienced VSAr)
  8952 | D:9      | Noticed Joseph
  8959 | D:9      | Reached XP level 10. HP: 65/96 MP: 4/4
  8969 | D:9      | Killed Joseph
  9362 | D:9      | Killed Hugehornet's ghost
  9362 | D:9      | Reached skill level 12 in Fighting
  9761 | D:10     | Entered Level 10 of the Dungeon
 10557 | D:10     | Noticed Gastronok
 10595 | D:10     | Killed Gastronok
 10595 | D:10     | Reached skill level 13 in Fighting
 10595 | D:10     | Reached skill level 10 in Armour
 11295 | D:10     | Reached XP level 11. HP: 90/107 MP: 4/4
 11336 | D:10     | Reached skill level 10 in Polearms
 11916 | D:10     | Found a staircase to the Orcish Mines.
 11972 | Orc:1    | Entered Level 1 of the Orcish Mines
 11972 | Orc:1    | Found a roughly hewn altar of Beogh.
 12086 | Orc:1    | Received a gift from Trog
 12294 | Orc:1    | Paralysed by an orc sorcerer for 2 turns
 13510 | D:11     | Noticed an unseen horror
 13520 | D:11     | Killed an unseen horror
 13562 | D:11     | Found a staircase to the Lair.
 14720 | D:11     | Reached skill level 14 in Fighting
 14881 | D:11     | Noticed a hill giant
 14898 | D:11     | Killed a hill giant
 15152 | Lair:1   | Entered Level 1 of the Lair of Beasts
 15929 | Lair:1   | Received a gift from Trog
 16460 | Lair:1   | Reached XP level 12. HP: 117/117 MP: 5/5
 16952 | Lair:2   | Noticed a seven-headed hydra
 16961 | Lair:2   | Killed a seven-headed hydra
 18148 | Lair:3   | Reached skill level 10 in Dodging
 18354 | Lair:3   | Reached skill level 1 in Shields
 18691 | Lair:3   | Noticed Rupert
 18694 | Lair:3   | Paralysed by Rupert for 4 turns
 19294 | Lair:3   | Killed Rupert
 19374 | Lair:4   | Noticed a six-headed hydra
 19390 | Lair:4   | Killed a six-headed hydra
 19726 | Lair:4   | Received a gift from Trog
 20036 | Lair:4   | Reached skill level 15 in Fighting
 21013 | Lair:5   | Gained mutation: You can breathe flames. [potion of beneficial mutation]
 21137 | Lair:5   | Found a hole to the Spider Nest.
 21220 | Lair:5   | Reached skill level 5 in Shields
 21220 | Lair:5   | Reached XP level 13. HP: 90/127 MP: 5/5
 22328 | Lair:6   | Noticed Fannar
 22359 | Lair:6   | Killed Fannar
 22631 | Lair:6   | Noticed Snorg
 22650 | Lair:6   | Killed Snorg
 22650 | Lair:6   | Reached skill level 15 in Polearms
 23002 | Lair:6   | Found a staircase to the Slime Pits.
 23094 | Lair:6   | Received a gift from Trog
 23145 | Lair:6   | Found a staircase to the Shoals.
 23154 | Shoals:1 | Entered Level 1 of the Shoals
 23833 | Spider:1 | Entered Level 1 of the Spider Nest
 23998 | Spider:1 | HP: 6/127 [disintegration (24)]
 25432 | Spider:1 | Received a gift from Trog
 26206 | Spider:2 | Paralysed by a potion of paralysis for 4 turns
 26222 | Spider:2 | Reached skill level 16 in Polearms
 26407 | Spider:2 | Noticed a ghost moth
 26411 | Spider:2 | Killed a ghost moth
 26411 | Spider:2 | Reached XP level 14. HP: 66/137 MP: 1/5
 26740 | Spider:2 | Reached skill level 10 in Shields
 26822 | Spider:2 | HP: 5/137 [disintegration (39)]
 27122 | Spider:2 | Identified a +1 cloak of preservation (You found it on level 2 of the Spider Nest)
 27472 | Spider:3 | Noticed a ghost moth
 27819 | Spider:3 | Killed a ghost moth
 29113 | Spider:3 | Reached skill level 17 in Polearms
 29253 | Spider:3 | Noticed Roxanne
 29269 | Spider:3 | Killed Roxanne
 30679 | Spider:4 | Got a smoking ring mail
 30680 | Spider:4 | Identified the cursed -8 ring mail of Noon {Str+3 Dex-1} (You found it on level 4 of the Spider Nest)
 30950 | Spider:4 | Noticed an emperor scorpion
 30979 | Spider:4 | Killed an emperor scorpion
 31292 | Spider:5 | Entered Level 5 of the Spider Nest
 31322 | Spider:5 | Noticed a ghost moth
 31336 | Spider:5 | Killed a ghost moth
 31527 | Spider:5 | Noticed a ghost moth
 31542 | Spider:5 | Killed a ghost moth
 31708 | Spider:5 | Reached XP level 15. HP: 140/146 MP: 6/6
 32617 | Spider:5 | Noticed a ghost moth
 32630 | Spider:5 | Killed a ghost moth
 32819 | Spider:5 | Noticed a ghost moth
 33136 | Spider:5 | Killed a ghost moth
 33491 | Spider:5 | Noticed an emperor scorpion
 34046 | Spider:5 | Noticed an emperor scorpion
 34046 | Spider:5 | Noticed a ghost moth
 34046 | Spider:5 | Noticed an emperor scorpion
 34046 | Spider:5 | Noticed a ghost moth
 34046 | Spider:5 | Noticed an emperor scorpion
 34437 | Spider:4 | HP: 5/147 [redback (11)]
 34438 | Spider:4 | HP: 1/147 [redback (5)]
 34444 | Spider:4 | Slain by a trapdoor spider

Action                   |  1- 3 |  4- 6 |  7- 9 | 10-12 | 13-15 || total
-------------------------+-------+-------+-------+-------+-------++-------
Melee: Spear             |   113 |   273 |   289 |    70 |    21 ||   766
       Trident           |       |       |   322 |  1253 |  1464 ||  3039
       Long sword        |       |       |    13 |       |       ||    13
       Bardiche          |       |       |       |    11 |       ||    11
       Unarmed           |       |       |       |    36 |       ||    36
Invok: Berserk           |     1 |     1 |     1 |     3 |       ||     6
       Brothers in Arms  |       |       |     2 |     3 |    20 ||    25
 Abil: Breathe Fire      |       |       |       |       |     1 ||     1
Evoke: Wand              |       |       |       |     5 |     6 ||    11
       Lamp of fire      |       |       |       |       |     1 ||     1
  Use: Scroll            |     4 |     2 |     8 |    19 |    10 ||    43
       Potion            |       |       |       |    18 |    13 ||    31
 Stab: Distracted        |       |       |       |       |     2 ||     2
